[ PARTIDA AOE2 · #478882803 ]
UnrankedJemeres vs Bulgarians
[ ANÁLISIS DE REPETICIÓN · EXTRAÍDO DE LA PARTIDA GRABADA ]
Feudal
9:06
Castillos
22:06
Imperial
—
| APM promedio | 15.8 |
| APM pico | 50 |
| eAPM promedio | 5.5 |
| Aldeanos / militares | 41 / 0 |
Foco
⚔️ 2.2% · 🌾 97.8%
Feudal
—
Castillos
—
Imperial
—
| APM promedio | 10.3 |
| APM pico | 40 |
| eAPM promedio | 7.6 |
| Aldeanos / militares | 45 / 0 |
Foco
⚔️ 4.0% · 🌾 96.0%
Feudal
—
Castillos
—
Imperial
—
| APM promedio | 9.1 |
| APM pico | 19 |
| eAPM promedio | 5.8 |
| Aldeanos / militares | 53 / 0 |
Foco
⚔️ 0.0% · 🌾 100.0%
Feudal
12:54
Castillos
—
Imperial
—
| APM promedio | 6.3 |
| APM pico | 17 |
| eAPM promedio | 5.4 |
| Aldeanos / militares | 35 / 1 |
Foco
⚔️ 4.5% · 🌾 95.5%
Militia ×1
Feudal
10:21
Castillos
15:37
Imperial
—
| APM promedio | 19.9 |
| APM pico | 52 |
| eAPM promedio | 12.8 |
| Aldeanos / militares | 62 / 0 |
Foco
⚔️ 11.3% · 🌾 88.7%
Feudal
—
Castillos
—
Imperial
—
| APM promedio | 48.0 |
| APM pico | 255 |
| eAPM promedio | 47.8 |
| Aldeanos / militares | 39 / 5 |
Foco
⚔️ 0.7% · 🌾 99.3%
Militia ×5
Mapa de la partida
Recursos iniciales + cada clic de construcción. Líneas = muros · curvas = relieve. ◆ oro · ⬟ piedra · ● bayas · ✦ reliquia · ◌ hueco del cierre
Tu base· ✓ Cerrada en 22:06 · 0t muro · 3 puerta(s)
Base de RodrigoOBOMM· ✓ Cerrada en 15:05 · 0t muro · 2 puerta(s)
Base de exequiel stocco· ✓ Cerrada en 12:00 · 0t muro · 2 puerta(s)
Base de Evy· ✓ Cerrada en 21:46 · 0t muro · 2 puerta(s)
Base de MakinTosh· ✓ Cerrada en 15:37 · 0t muro · 3 puerta(s)
Base de DTROYT117· ✓ Cerrada en 12:00 · 0t muro · 2 puerta(s)
Terreno inicial suavizado · ◌ = hueco del cierre detectado · pasá el cursor para detalles
Inputs por minuto
— bruskkhalil - - RodrigoOBOMM
Build order — bruskkhalil
79 acciones detectadas en el replay
| 0:06 | Construir | House |
| 0:10 | Construir | House |
| 0:19 | Crear | Villager (Male) |
| 0:19 | Crear | Villager (Male) |
| 0:19 | Crear | Villager (Male) |
| 0:19 | Crear | Villager (Male) |
| 0:20 | Crear | Villager (Male) |
| 0:20 | Crear | Villager (Male) |
| 1:15 | Construir | Mill |
| 2:51 | Crear | Villager (Male) |
| 2:52 | Crear | Villager (Male) |
| 2:52 | Crear | Villager (Male) |
| 2:52 | Crear | Villager (Male) |
| 2:53 | Crear | Villager (Male) |
| 3:58 | Crear | Villager (Male) |
| 3:58 | Crear | Villager (Male) |
| 3:59 | Crear | Villager (Male) |
| 3:59 | Crear | Villager (Male) |
| 6:09 | Construir | Lumber Camp |
| 6:56 | Investigar | Feudal Age |
| 7:57 | Construir | Mining Camp |
| 9:04 | Construir | Mining Camp |
| 9:06 | Edad | Edad Feudal |
| 9:25 | Crear | Villager (Male) |
| 9:25 | Crear | Villager (Male) |
| 9:25 | Crear | Villager (Male) |
| 9:26 | Crear | Villager (Male) |
| 9:26 | Crear | Villager (Male) |
| 9:26 | Crear | Villager (Male) |
| 9:27 | Crear | Villager (Male) |
| 9:27 | Crear | Villager (Male) |
| 9:49 | Investigar | Horse Collar |
| 10:25 | Construir | House |
| 10:27 | Construir | House |
| 11:12 | Construir | Farm |
| 12:03 | Investigar | Double-Bit Axe |
| 12:33 | Crear | Villager (Male) |
| 12:33 | Crear | Villager (Male) |
| 12:34 | Crear | Villager (Male) |
| 12:51 | Construir | Farm |
| 14:02 | Crear | Villager (Male) |
| 14:02 | Crear | Villager (Male) |
| 14:03 | Crear | Villager (Male) |
| 14:03 | Crear | Villager (Male) |
| 14:40 | Construir | Farm |
| 14:43 | Construir | Farm |
| 14:56 | Construir | Farm |
| 15:09 | Crear | Villager (Male) |
| 15:09 | Crear | Villager (Male) |
| 15:09 | Crear | Villager (Male) |
| 15:10 | Crear | Villager (Male) |
| 15:10 | Crear | Villager (Male) |
| 16:16 | Construir | Farm |
| 16:32 | Construir | Farm |
| 16:35 | Construir | Farm |
| 16:39 | Construir | Farm |
| 17:04 | Construir | House |
| 17:06 | Construir | House |
| 17:08 | Construir | House |
| 17:10 | Construir | House |
| 19:11 | Construir | Farm |
| 19:14 | Construir | Farm |
| 19:21 | Construir | Farm |
| 19:26 | Investigar | Castle Age |
| 19:40 | Construir | House |
| 19:43 | Construir | House |
| 19:46 | Construir | House |
| 20:39 | Construir | Lumber Camp |
| 21:04 | Investigar | Gold Mining |
| 21:05 | Investigar | Stone Mining |
| 21:55 | Construir | Farm |
| 22:03 | Crear | Villager (Male) |
| 22:03 | Crear | Villager (Male) |
| 22:03 | Crear | Villager (Male) |
| 22:03 | Crear | Villager (Male) |
| 22:04 | Crear | Villager (Male) |
| 22:04 | Crear | Villager (Male) |
| 22:06 | Edad | Edad de los Castillos |
| 22:34 | Construir | Castle |
Build order — RodrigoOBOMM
86 acciones detectadas en el replay
| 0:03 | Construir | House |
| 0:06 | Construir | House |
| 0:08 | Crear | Villager (Male) |
| 0:08 | Crear | Villager (Male) |
| 0:08 | Crear | Villager (Male) |
| 0:09 | Crear | Villager (Male) |
| 1:39 | Crear | Villager (Male) |
| 1:41 | Investigar | Loom |
| 2:00 | Construir | House |
| 2:10 | Crear | Villager (Male) |
| 2:19 | Construir | Lumber Camp |
| 2:39 | Crear | Villager (Male) |
| 3:10 | Crear | Villager (Male) |
| 3:20 | Crear | Villager (Male) |
| 3:50 | Crear | Villager (Male) |
| 4:26 | Crear | Villager (Male) |
| 4:30 | Construir | Mill |
| 5:03 | Crear | Villager (Male) |
| 5:43 | Crear | Villager (Male) |
| 5:45 | Crear | Villager (Male) |
| 6:07 | Crear | Villager (Male) |
| 6:12 | Construir | House |
| 6:25 | Crear | Villager (Male) |
| 6:48 | Crear | Villager (Male) |
| 7:09 | Construir | Mining Camp |
| 8:08 | Crear | Villager (Male) |
| 8:11 | Crear | Villager (Male) |
| 8:41 | Construir | House |
| 8:46 | Crear | Villager (Male) |
| 9:43 | Investigar | Feudal Age |
| 10:02 | Crear | Villager (Male) |
| 10:04 | Crear | Villager (Male) |
| 10:59 | Construir | Mill |
| 11:56 | Investigar | Double-Bit Axe |
| 11:58 | Investigar | Horse Collar |
| 12:43 | Construir | Farm |
| 12:49 | Construir | Farm |
| 13:19 | Construir | Blacksmith |
| 13:56 | Construir | Lumber Camp |
| 14:06 | Construir | Market |
| 14:17 | Crear | Villager (Male) |
| 14:20 | Construir | Farm |
| 14:21 | Construir | Farm |
| 14:24 | Crear | Villager (Male) |
| 15:04 | Construir | Mining Camp |
| 15:05 | Investigar | Castle Age |
| 15:12 | Construir | Farm |
| 15:26 | Construir | Farm |
| 15:48 | Crear | Villager (Male) |
| 15:49 | Crear | Villager (Male) |
| 16:58 | Investigar | Town Watch |
| 17:05 | Crear | Villager (Male) |
| 17:05 | Crear | Villager (Male) |
| 17:23 | Construir | House |
| 17:51 | Investigar | Bow Saw |
| 17:54 | Investigar | Heavy Plow |
| 18:37 | Crear | Villager (Male) |
| 18:42 | Construir | Farm |
| 18:45 | Crear | Villager (Male) |
| 19:00 | Construir | Town Center |
| 19:08 | Crear | Villager (Male) |
| 19:33 | Construir | Farm |
| 19:37 | Construir | Farm |
| 19:54 | Crear | Villager (Male) |
| 20:02 | Construir | Farm |
| 20:12 | Crear | Villager (Male) |
| 20:17 | Crear | Villager (Male) |
| 20:18 | Crear | Villager (Male) |
| 20:30 | Crear | Villager (Male) |
| 21:09 | Construir | Barracks |
| 21:20 | Crear | Villager (Male) |
| 21:25 | Construir | Farm |
| 21:30 | Construir | Farm |
| 21:33 | Crear | Villager (Male) |
| 21:36 | Crear | Villager (Male) |
| 21:36 | Crear | Villager (Male) |
| 22:13 | Construir | Farm |
| 22:16 | Crear | Villager (Male) |
| 22:17 | Crear | Villager (Male) |
| 22:23 | Crear | Villager (Male) |
| 22:28 | Construir | House |
| 22:33 | Construir | House |
| 22:34 | Construir | House |
| 22:38 | Crear | Villager (Male) |
| 22:40 | Construir | Farm |
| 22:43 | Crear | Villager (Male) |
Build order — exequiel stocco
92 acciones detectadas en el replay
| 0:29 | Construir | House |
| 0:46 | Construir | House |
| 0:51 | Construir | House |
| 1:16 | Investigar | Wheelbarrow |
| 1:16 | Investigar | Loom |
| 1:18 | Crear | Villager (Male) |
| 1:18 | Crear | Villager (Male) |
| 1:42 | Construir | House |
| 1:46 | Construir | House |
| 1:52 | Construir | House |
| 2:06 | Construir | House |
| 2:18 | Crear | Villager (Male) |
| 2:18 | Crear | Villager (Male) |
| 3:52 | Crear | Villager (Male) |
| 3:52 | Crear | Villager (Male) |
| 4:20 | Crear | Villager (Male) |
| 4:20 | Crear | Villager (Male) |
| 5:09 | Crear | Villager (Male) |
| 5:09 | Crear | Villager (Male) |
| 6:18 | Crear | Villager (Male) |
| 6:19 | Crear | Villager (Male) |
| 6:19 | Crear | Villager (Male) |
| 7:13 | Crear | Villager (Male) |
| 7:13 | Crear | Villager (Male) |
| 7:13 | Crear | Villager (Male) |
| 8:34 | Crear | Villager (Male) |
| 8:34 | Crear | Villager (Male) |
| 8:35 | Crear | Villager (Male) |
| 8:35 | Crear | Villager (Male) |
| 8:35 | Crear | Villager (Male) |
| 9:27 | Crear | Villager (Male) |
| 9:27 | Crear | Villager (Male) |
| 9:27 | Crear | Villager (Male) |
| 10:21 | Crear | Villager (Male) |
| 10:21 | Crear | Villager (Male) |
| 10:21 | Crear | Villager (Male) |
| 10:46 | Crear | Villager (Male) |
| 10:47 | Crear | Villager (Male) |
| 11:09 | Crear | Villager (Male) |
| 11:41 | Crear | Villager (Male) |
| 13:06 | Crear | Villager (Male) |
| 13:07 | Crear | Villager (Male) |
| 13:07 | Crear | Villager (Male) |
| 13:07 | Crear | Villager (Male) |
| 13:33 | Construir | Mill |
| 13:41 | Crear | Villager (Male) |
| 13:42 | Crear | Villager (Male) |
| 13:42 | Crear | Villager (Male) |
| 13:43 | Crear | Villager (Male) |
| 14:08 | Construir | Lumber Camp |
| 15:03 | Crear | Villager (Male) |
| 15:03 | Crear | Villager (Male) |
| 15:03 | Crear | Villager (Male) |
| 15:20 | Construir | Mining Camp |
| 15:32 | Construir | Mining Camp |
| 15:45 | Construir | Mining Camp |
| 15:53 | Investigar | Horse Collar |
| 16:19 | Construir | House |
| 16:24 | Construir | House |
| 16:38 | Crear | Villager (Male) |
| 16:38 | Crear | Villager (Male) |
| 16:58 | Construir | House |
| 17:02 | Construir | House |
| 17:06 | Construir | House |
| 17:10 | Construir | House |
| 17:14 | Construir | House |
| 17:18 | Construir | House |
| 17:41 | Investigar | Stone Mining |
| 17:42 | Investigar | Gold Mining |
| 17:49 | Investigar | Double-Bit Axe |
| 18:08 | Construir | Mining Camp |
| 18:18 | Crear | Villager (Male) |
| 18:19 | Crear | Villager (Male) |
| 18:19 | Crear | Villager (Male) |
| 18:19 | Crear | Villager (Male) |
| 18:50 | Crear | Villager (Male) |
| 18:51 | Crear | Villager (Male) |
| 20:18 | Crear | Villager (Male) |
| 20:19 | Crear | Villager (Male) |
| 20:19 | Crear | Villager (Male) |
| 20:55 | Construir | Mill |
| 21:07 | Construir | Farm |
| 21:12 | Construir | Farm |
| 21:19 | Construir | Farm |
| 21:26 | Construir | Farm |
| 21:33 | Construir | Farm |
| 21:38 | Construir | Farm |
| 21:43 | Construir | Farm |
| 21:47 | Construir | Farm |
| 21:52 | Construir | Farm |
| 21:56 | Construir | Farm |
| 22:03 | Construir | Farm |
Build order — Evy
86 acciones detectadas en el replay
| 0:13 | Crear | Villager (Male) |
| 0:14 | Crear | Villager (Male) |
| 0:14 | Crear | Villager (Male) |
| 0:23 | Construir | House |
| 0:24 | Construir | House |
| 0:25 | Construir | House |
| 0:35 | Crear | Villager (Male) |
| 0:35 | Crear | Villager (Male) |
| 0:39 | Investigar | Loom |
| 1:48 | Crear | Villager (Male) |
| 1:48 | Crear | Villager (Male) |
| 2:07 | Construir | Lumber Camp |
| 2:16 | Crear | Villager (Male) |
| 2:16 | Crear | Villager (Male) |
| 3:22 | Crear | Villager (Male) |
| 3:22 | Crear | Villager (Male) |
| 3:23 | Crear | Villager (Male) |
| 4:16 | Crear | Villager (Male) |
| 4:17 | Crear | Villager (Male) |
| 4:24 | Crear | Villager (Male) |
| 4:50 | Construir | Mill |
| 4:58 | Crear | Villager (Male) |
| 4:58 | Crear | Villager (Male) |
| 5:38 | Crear | Villager (Male) |
| 5:56 | Crear | Villager (Male) |
| 6:04 | Crear | Villager (Male) |
| 6:32 | Construir | House |
| 6:34 | Construir | House |
| 6:36 | Construir | House |
| 6:37 | Construir | House |
| 6:39 | Construir | House |
| 6:40 | Construir | House |
| 6:42 | Construir | House |
| 7:03 | Crear | Villager (Male) |
| 7:04 | Crear | Villager (Male) |
| 7:19 | Construir | Mining Camp |
| 8:09 | Crear | Villager (Male) |
| 8:10 | Crear | Villager (Male) |
| 8:43 | Construir | Mining Camp |
| 10:09 | Construir | House |
| 10:10 | Construir | House |
| 10:11 | Construir | House |
| 10:12 | Construir | House |
| 10:44 | Investigar | Feudal Age |
| 11:34 | Crear | Villager (Male) |
| 11:34 | Crear | Villager (Male) |
| 11:34 | Crear | Villager (Male) |
| 12:22 | Construir | House |
| 12:26 | Construir | House |
| 12:27 | Construir | House |
| 12:28 | Construir | House |
| 12:54 | Edad | Edad Feudal |
| 13:02 | Investigar | Horse Collar |
| 13:04 | Investigar | Double-Bit Axe |
| 13:32 | Construir | Farm |
| 13:39 | Construir | Farm |
| 13:46 | Construir | Watch Tower |
| 14:02 | Construir | Barracks |
| 14:31 | Construir | Market |
| 14:48 | Construir | Farm |
| 14:53 | Construir | Farm |
| 14:59 | Construir | Farm |
| 15:19 | Construir | Farm |
| 15:26 | Construir | Farm |
| 15:31 | Construir | Farm |
| 15:34 | Crear | Militia |
| 16:11 | Crear | Villager (Male) |
| 16:11 | Crear | Villager (Male) |
| 16:11 | Crear | Villager (Male) |
| 16:26 | Construir | Blacksmith |
| 17:06 | Crear | Villager (Male) |
| 17:06 | Crear | Villager (Male) |
| 17:06 | Crear | Villager (Male) |
| 17:06 | Crear | Villager (Male) |
| 17:07 | Crear | Villager (Male) |
| 17:20 | Construir | Mining Camp |
| 17:32 | Construir | Farm |
| 18:00 | Construir | Farm |
| 18:23 | Construir | Farm |
| 18:39 | Investigar | Wheelbarrow |
| 18:47 | Construir | Farm |
| 20:44 | Construir | Farm |
| 21:46 | Investigar | Castle Age |
| 22:21 | Construir | Stable |
| 22:23 | Construir | Stable |
| 22:29 | Construir | Stable |
Build order — MakinTosh
122 acciones detectadas en el replay
| 0:00 | Crear | Villager (Male) |
| 0:01 | Crear | Villager (Male) |
| 0:01 | Crear | Villager (Male) |
| 0:02 | Construir | House |
| 0:04 | Construir | House |
| 0:04 | Crear | Villager (Male) |
| 1:03 | Crear | Villager (Male) |
| 1:36 | Crear | Villager (Male) |
| 1:52 | Crear | Villager (Male) |
| 2:25 | Construir | House |
| 2:28 | Crear | Villager (Male) |
| 2:34 | Construir | House |
| 2:53 | Crear | Villager (Male) |
| 3:02 | Crear | Villager (Male) |
| 3:42 | Construir | Lumber Camp |
| 3:45 | Crear | Villager (Male) |
| 4:13 | Crear | Villager (Male) |
| 4:29 | Crear | Villager (Male) |
| 4:59 | Construir | Mill |
| 5:16 | Crear | Villager (Male) |
| 5:54 | Crear | Villager (Male) |
| 5:55 | Crear | Villager (Male) |
| 6:05 | Construir | Farm |
| 6:30 | Construir | House |
| 6:37 | Crear | Villager (Male) |
| 7:21 | Crear | Villager (Male) |
| 7:23 | Crear | Villager (Male) |
| 8:09 | Investigar | Feudal Age |
| 8:13 | Construir | Mining Camp |
| 9:12 | Construir | Farm |
| 9:16 | Construir | Farm |
| 9:25 | Crear | Villager (Male) |
| 9:25 | Crear | Villager (Male) |
| 9:35 | Construir | House |
| 10:21 | Edad | Edad Feudal |
| 11:09 | Crear | Villager (Male) |
| 11:09 | Crear | Villager (Male) |
| 11:17 | Construir | Market |
| 11:24 | Crear | Villager (Male) |
| 11:54 | Construir | Blacksmith |
| 12:10 | Crear | Villager (Male) |
| 12:57 | Investigar | Castle Age |
| 14:19 | Investigar | Double-Bit Axe |
| 14:21 | Investigar | Horse Collar |
| 14:25 | Investigar | Stone Mining |
| 14:29 | Construir | Mining Camp |
| 14:37 | Investigar | Gold Mining |
| 15:01 | Investigar | Loom |
| 15:08 | Crear | Villager (Male) |
| 15:09 | Crear | Villager (Male) |
| 15:37 | Edad | Edad de los Castillos |
| 15:54 | Construir | Town Center |
| 16:17 | Construir | Town Center |
| 16:21 | Crear | Villager (Male) |
| 16:29 | Crear | Villager (Male) |
| 16:34 | Construir | Farm |
| 17:04 | Construir | House |
| 17:05 | Construir | House |
| 17:07 | Construir | House |
| 17:08 | Construir | House |
| 17:15 | Crear | Villager (Male) |
| 17:15 | Crear | Villager (Male) |
| 17:15 | Crear | Villager (Male) |
| 17:28 | Investigar | Wheelbarrow |
| 17:58 | Crear | Villager (Male) |
| 17:58 | Crear | Villager (Male) |
| 18:10 | Construir | Farm |
| 18:11 | Construir | Farm |
| 18:11 | Construir | Farm |
| 18:12 | Construir | Farm |
| 18:30 | Construir | Lumber Camp |
| 18:34 | Construir | Lumber Camp |
| 18:45 | Crear | Villager (Male) |
| 18:45 | Crear | Villager (Male) |
| 18:46 | Crear | Villager (Male) |
| 18:46 | Crear | Villager (Male) |
| 18:46 | Crear | Villager (Male) |
| 18:56 | Construir | Farm |
| 19:16 | Crear | Villager (Male) |
| 19:26 | Construir | Farm |
| 19:27 | Construir | Farm |
| 19:33 | Construir | Farm |
| 19:42 | Construir | Farm |
| 19:43 | Construir | Farm |
| 19:43 | Construir | Farm |
| 19:46 | Crear | Villager (Male) |
| 19:46 | Crear | Villager (Male) |
| 20:05 | Crear | Villager (Male) |
| 20:05 | Crear | Villager (Male) |
| 20:26 | Construir | Town Center |
| 20:30 | Crear | Villager (Male) |
| 20:31 | Crear | Villager (Male) |
| 20:41 | Crear | Villager (Male) |
| 20:49 | Crear | Villager (Male) |
| 21:00 | Crear | Villager (Male) |
| 21:11 | Construir | Farm |
| 21:11 | Construir | Farm |
| 21:12 | Construir | Farm |
| 21:13 | Construir | Farm |
| 21:16 | Crear | Villager (Male) |
| 21:16 | Crear | Villager (Male) |
| 21:16 | Crear | Villager (Male) |
| 21:27 | Construir | Farm |
| 21:27 | Construir | Farm |
| 21:35 | Construir | Farm |
| 21:38 | Crear | Villager (Male) |
| 21:38 | Crear | Villager (Male) |
| 21:46 | Crear | Villager (Male) |
| 21:48 | Crear | Villager (Male) |
| 21:53 | Crear | Villager (Male) |
| 21:53 | Crear | Villager (Male) |
| 22:03 | Construir | Farm |
| 22:03 | Construir | Farm |
| 22:04 | Construir | Farm |
| 22:05 | Construir | Farm |
| 22:06 | Construir | Farm |
| 22:09 | Crear | Villager (Male) |
| 22:09 | Crear | Villager (Male) |
| 22:13 | Construir | Farm |
| 22:16 | Crear | Villager (Male) |
| 22:18 | Crear | Villager (Male) |
| 22:32 | Construir | Farm |
Build order — DTROYT117
Primeras 150 de 399 acciones detectadas
| 0:07 | Crear | Villager (Male) ×4 |
| 0:37 | Construir | House |
| 1:12 | Construir | House |
| 1:40 | Construir | Mill |
| 2:01 | Crear | Villager (Male) |
| 2:49 | Crear | Villager (Male) |
| 3:17 | Construir | Lumber Camp |
| 3:28 | Crear | Villager (Male) |
| 3:34 | Crear | Villager (Male) |
| 4:07 | Construir | House |
| 4:11 | Crear | Villager (Male) |
| 4:35 | Crear | Villager (Male) |
| 5:02 | Crear | Villager (Male) |
| 5:09 | Crear | Villager (Male) |
| 5:42 | Construir | House |
| 5:47 | Crear | Villager (Male) |
| 5:48 | Crear | Villager (Male) |
| 6:17 | Crear | Villager (Male) |
| 6:26 | Crear | Villager (Male) |
| 7:04 | Crear | Villager (Male) |
| 7:05 | Crear | Villager (Male) |
| 7:16 | Construir | Barracks |
| 7:54 | Crear | Villager (Male) |
| 7:54 | Crear | Villager (Male) |
| 7:56 | Crear | Villager (Male) |
| 8:12 | Construir | House |
| 8:43 | Crear | Villager (Male) |
| 9:08 | Construir | Outpost |
| 9:15 | Construir | Outpost |
| 9:20 | Construir | Outpost |
| 9:23 | Construir | Outpost |
| 9:31 | Crear | Militia |
| 9:31 | Crear | Militia |
| 9:32 | Crear | Militia |
| 9:32 | Crear | Militia |
| 9:32 | Crear | Militia |
| 10:14 | Crear | Villager (Male) |
| 10:24 | Construir | Farm |
| 10:24 | Construir | Farm |
| 10:24 | Construir | Farm |
| 10:24 | Construir | Farm |
| 10:24 | Construir | Farm |
| 10:24 | Construir | Farm |
| 10:25 | Construir | Farm |
| 10:25 | Construir | Farm |
| 10:25 | Construir | Farm |
| 10:25 | Construir | Farm |
| 10:25 | Construir | Farm |
| 10:25 | Construir | Farm |
| 10:25 | Construir | Farm |
| 10:25 | Construir | Farm |
| 10:25 | Construir | Farm |
| 10:25 | Construir | Farm |
| 10:25 | Construir | Farm |
| 10:25 | Construir | Farm |
| 10:25 | Construir | Farm |
| 10:25 | Construir | Farm |
| 10:25 | Construir | Farm |
| 10:25 | Construir | Farm |
| 10:25 | Construir | Farm |
| 10:25 | Construir | Farm |
| 10:25 | Construir | Farm |
| 10:25 | Construir | Farm |
| 10:25 | Construir | Farm |
| 10:25 | Construir | Farm |
| 10:25 | Construir | Farm |
| 10:25 | Construir | Farm |
| 10:25 | Construir | Farm |
| 10:25 | Construir | Farm |
| 10:25 | Construir | Farm |
| 10:25 | Construir | Farm |
| 10:25 | Construir | Farm |
| 10:25 | Construir | Farm |
| 10:25 | Construir | Farm |
| 10:38 | Construir | Farm |
| 10:38 | Construir | Farm |
| 10:38 | Construir | Farm |
| 10:38 | Construir | Farm |
| 10:38 | Construir | Farm |
| 10:38 | Construir | Farm |
| 10:38 | Construir | Farm |
| 10:38 | Construir | Farm |
| 10:39 | Construir | Farm |
| 10:39 | Construir | Farm |
| 10:39 | Construir | Farm |
| 10:39 | Construir | Farm |
| 10:39 | Construir | Farm |
| 10:39 | Construir | Farm |
| 10:39 | Construir | Farm |
| 10:39 | Construir | Farm |
| 10:39 | Construir | Farm |
| 10:39 | Construir | Farm |
| 10:39 | Construir | Farm |
| 11:04 | Construir | House |
| 11:47 | Construir | House |
| 11:55 | Construir | House |
| 12:40 | Investigar | Feudal Age |
| 12:56 | Construir | Farm |
| 12:56 | Construir | Farm |
| 12:56 | Construir | Farm |
| 12:56 | Construir | Farm |
| 12:56 | Construir | Farm |
| 12:56 | Construir | Farm |
| 12:56 | Construir | Farm |
| 12:56 | Construir | Farm |
| 12:56 | Construir | Farm |
| 12:56 | Construir | Farm |
| 12:56 | Construir | Farm |
| 12:56 | Construir | Farm |
| 12:56 | Construir | Farm |
| 12:56 | Construir | Farm |
| 12:56 | Construir | Farm |
| 12:56 | Construir | Farm |
| 12:56 | Construir | Farm |
| 12:56 | Construir | Farm |
| 13:18 | Construir | Mining Camp |
| 14:53 | Construir | Farm |
| 14:53 | Construir | Farm |
| 14:53 | Construir | Farm |
| 14:53 | Construir | Farm |
| 14:53 | Construir | Farm |
| 14:53 | Construir | Farm |
| 14:53 | Construir | Farm |
| 14:53 | Investigar | Wheelbarrow |
| 14:53 | Construir | Farm |
| 14:53 | Construir | Farm |
| 14:53 | Construir | Farm |
| 14:53 | Construir | Farm |
| 14:53 | Construir | Farm |
| 14:53 | Construir | Farm |
| 14:53 | Construir | Farm |
| 14:53 | Construir | Farm |
| 14:53 | Construir | Farm |
| 14:53 | Construir | Farm |
| 14:53 | Construir | Farm |
| 14:54 | Construir | Farm |
| 14:58 | Construir | Farm |
| 14:58 | Construir | Farm |
| 14:58 | Construir | Farm |
| 14:58 | Construir | Farm |
| 14:58 | Construir | Farm |
| 14:58 | Construir | Farm |
| 14:58 | Construir | Farm |
| 14:58 | Construir | Farm |
| 14:58 | Construir | Farm |
| 14:58 | Construir | Farm |
| 14:58 | Construir | Farm |
| 14:58 | Construir | Farm |
| 14:58 | Construir | Farm |
| 14:58 | Construir | Farm |
Cronología de la partida
| 7:16 | DTROYT117 · first_building Barracks |
| 9:06 | bruskkhalil · age_up feudal |
| 10:21 | MakinTosh · age_up feudal |
| 12:54 | Evy · age_up feudal |
| 14:02 | Evy · first_building Barracks |
| 15:37 | MakinTosh · age_up castle |
| 21:09 | RodrigoOBOMM · first_building Barracks |
| 22:06 | bruskkhalil · age_up castle |
| 22:21 | Evy · first_building Stable |
| 22:34 | bruskkhalil · first_building Castle |
| 22:43 | exequiel stocco · resign |
[ ANÁLISIS IA · 1 CRÉDITO ]
¿Qué pasó realmente en esta partida?
Wolo.gg analiza cada decisión: build order, eco, micro, errores típicos por bracket. Análisis personalizado por WhatsApp o Discord en 30 segundos.
Guía civ
Jemeres
Perfil
Jugador #17550983